 Dungeon Sprint DCSS version 0.27.1-34-g3ba077fa99 (webtiles) character file.

Game seed: 17138679695572714293

136 Arum the Shield-Bearer (level 5, -3/47 HPs)
             Began as a Formicid Fighter on Jan 16, 2022.
             Succumbed to a scorpion's poison
             ... in the Dungeon (Sprint IX: "|||||||||||||||||||||||||||||").
             The game lasted 00:00:28 (198 turns).

Arum the Shield-Bearer (Formicid Fighter)            Turns: 198, Time: 00:00:28

Health: -3/47      AC:  7    Str: 21    XL:     5   Next: 43%
Magic:  5/5        EV:  9    Int:  8    God:
Gold:   0          SH: 10    Dex: 10    Spells: 4/4 levels left

rFire    . . .     SeeInvis +   a - +0 quarterstaff
rCold    . . .     Faith    .   c - +0 kite shield
rNeg     . . .     Spirit   .   b - +0 scale mail
rPois    .         Reflect  .   (helmet unavailable)
rElec    .         Harm     .   (no cloak)
rCorr    .         Rampage  .   (no gloves)
Will     .....                  (no boots)
Stlth    ..........             (no amulet)
HPRegen  0.15/turn              (no ring)
MPRegen  0.09/turn              (no ring)

@: mighty, lethally poisoned (-3 -> -17)
A: permanent stasis, dig shafts and tunnels, antennae 3, four strong arms
a: Dig


You were in the Dungeon.
You visited 1 branch

Inventory:

Hand Weapons
 a - a +0 quarterstaff (weapon)
Armour
 b - a +0 scale mail (worn)
 c - a +0 kite shield (worn)
Potions
 g - 2 potions of magic


   Skills:
 + Level 6.3 Fighting
 + Level 5.2 Staves
 + Level 6.3 Armour
 + Level 6.9 Shields


You had 4 spell levels left.
You didn't know any spells.
Your spell library was empty.

Dungeon Overview and Level Annotations

Branches:
Dungeon (1/1)

Altars:


Innate Abilities, Weirdness & Mutations

You cannot be hasted, slowed, berserked, paralysed or teleported.
You can dig through walls and to a lower floor.
You have a pair of large antennae on your head. (SInv)
Your four strong arms can wield two-handed weapons with a shield.


Message History

You barely miss the water moccasin.
The water moccasin is almost dead.
You feel very sick. The water moccasin barely misses you.
You hit the water moccasin.
The water moccasin is almost dead.
You feel sick.
The water moccasin bites you but does no damage.
The water moccasin barely misses you.
You sock the water moccasin!
You kill the water moccasin!
You feel sick.
Your Fighting skill gained 2 levels and is now at level 6!
Your Staves skill gained 2 levels and is now at level 5!
Your Armour skill gained 2 levels and is now at level 6!
Your Shields skill increases to level 6!
You have reached level 4!
You feel clever.
You have reached level 5!
You thump the gnoll!
The gnoll is almost dead.
You feel sick. You block the gnoll's attack.
You barely miss the gnoll.
The gnoll is almost dead.
You feel sick. You block the gnoll's attack.
You sock the gnoll!
You kill the gnoll!
You feel sick.
You sock the scorpion!
The scorpion is heavily wounded.
You feel sick.
You are no longer poisoned.
The scorpion stings you!
* * * LOW HITPOINT WARNING * * *
You are lethally poisoned!
The scorpion poisons you!
Okay, then.
You closely miss the scorpion.
The scorpion is heavily wounded.
You die... ▓▓▓▓▓▓▓▓▓▓▓▓▓▓▓▓▓▓ ▓<...'....@so....+ ▓▓▓▓▓▓▓▓▓▓▓▓▓▓▓▓▓▓

You could see a scorpion and an orc.

Vanquished Creatures
  A water moccasin (D)
  An iguana (D)
  A gnoll (D)
  A ball python (D)
  A bat (D)
  A giant cockroach (D)
  2 jackals (D)
8 creatures vanquished.

Notes
Turn   | Place    | Note
-------+----------+-------------------------------------------
     0 | D        | Arum the Formicid Fighter began the quest for the Orb.
     0 | D        | Reached XP level 1. HP: 18/18 MP: 1/1
    32 | D        | Reached XP level 2. HP: 13/25 MP: 2/2
   179 | D        | Noticed a water moccasin
   179 | D        | Noticed a scorpion
   185 | D        | Reached skill level 5 in Shields
   185 | D        | Reached XP level 3. HP: 4/31 MP: 3/3
   193 | D        | Killed a water moccasin
   194 | D        | Reached skill level 5 in Staves
   194 | D        | Reached XP level 4. HP: 10/40 MP: 4/4
   194 | D        | Reached XP level 5. HP: 11/46 MP: 5/5
   197 | D        | HP: 1/47 [scorpion (7)]
   198 | D        | Succumbed to a scorpion's poison

Illustrated notes

Levels and vault maps discovered:
D:        linesprint [early_d, line_temple, items_1, d_10, items_2, lair_1,
          lair_end, items_3, orc_1, orc_end, items_4, d_15, swamp_1, shoals_1,
          snake_1, spider_1, d_20, vaults_1, items_5, swamp_end, shoals_end,
          snake_end, spider_end, vaults_end, d_27, items_6, zot_1, zot_end,
          crypt_end, forest_end, elf_end, slime_end, tomb_end, abyss_end,
          pan_hell_end]

Skill      XL: |  1  2  3 |
---------------+----------+-----
Shields        | 4 5 6 |  6.9
Fighting       | 4 6 |  6.3
Staves         | 3 5 |  5.2
Armour         | 4 6 |  6.3

Action                   |  1- 3 |  4- 6 || total
-------------------------+-------+-------++-------
Melee: Quarterstaff      |    38 |     5 ||    43
  Use: Potion            |     3 |       ||     3
Armor: Scale mail        |    23 |       ||    23
Dodge: Dodged            |    14 |       ||    14
Block: Kite shield       |    22 |     2 ||    24
